 Dungeon Crawl Stone Soup version 0.27.1-1-g398f81649c (webtiles) character file.

Game seed: 10916070307665321723

2490 Rickety the Cudgeller (level 9, -7/54 HPs)
             Began as a Gargoyle Fighter on Sept 21, 2021.
             Was a Follower of Qazlal.
             Killed by divine providence
             ... invoked by a smoke demon
             ... summoned by a kobold demonologist
              (16 damage)
             ... in a bailey.
             The game lasted 00:13:39 (9307 turns).

Rickety the Cudgeller (Gargoyle Fighter)            Turns: 9307, Time: 00:13:39

Health: -7/54      AC: 16    Str: 23    XL:     9   Next: 52%
Magic:  9/12       EV:  9    Int: 15    God:    Qazlal [*.....]
Gold:   273        SH: 12    Dex:  9    Spells: 8/8 levels left

rFire    + . .     SeeInvis .   y - +2 flail (drain)
rCold    . . .     Faith    +   c - +0 kite shield
rNeg     + . .     Spirit   .   J - +0 ring mail {rF+}
rPois    ∞         Reflect  .   (no helmet)
rElec    +         Harm     .   (no cloak)
rCorr    .         Rampage  .   G - +1 pair of gloves
Will     .....                  j - +0 pair of boots
Stlth    ..........             m - amulet of faith
HPRegen  0.18/turn              g - +6 ring of intelligence
MPRegen  0.13/turn              (no ring)

@: no status effects
A: sickness immunity, AC +6, negative energy resistance 1, electricity
resistance, torment resistance 1, petrification resistance
a: Renounce Religion


You were in a bailey.
You worshipped Qazlal.
Qazlal was aware of your devotion.
You visited 2 branches of the dungeon, and saw 9 of its levels.
You also visited: Bailey.

You collected 273 gold pieces.

Inventory:

Hand Weapons
 a - a +0 flail
 p - a +3 mace
 y - a +2 flail of draining (weapon)
 M - a +1 flail of protection
Missiles
 h - 77 poisoned darts (quivered)
 i - 7 atropa-tipped darts
 F - a curare-tipped dart
Armour
 c - a +0 kite shield (worn)
 j - a +0 pair of boots (worn)
 G - a +1 pair of gloves (worn)
 J - a +0 ring mail of fire resistance (worn)
Magical Staves
 l - a staff of poison
Jewellery
 g - a +6 ring of intelligence (left hand)
 m - an amulet of faith (around neck)
 v - a ring of wizardry
 I - an amulet of guardian spirit
Wands
 x - a wand of flame (33)
 K - a wand of iceblast (19)
Scrolls
 b - a scroll of enchant armour {unknown}
 f - 2 scrolls of fog {unknown}
 o - a scroll of noise {unknown}
 r - a scroll of vulnerability {unknown}
 s - a scroll of magic mapping
 u - a scroll of identify {unknown}
 w - a scroll of teleportation {unknown}
 E - 2 scrolls of amnesia {unknown}
 H - a scroll of fear {unknown}
 L - 2 scrolls of immolation {unknown}
 N - a scroll of holy word {unknown}
 O - a scroll of summoning {unknown}
Potions
 d - 2 potions of might
 e - a potion of magic {unknown}
 k - a potion of flight {unknown}
 n - 4 potions of haste
 q - a potion of resistance {unknown}
 t - 4 potions of curing {unknown}
 z - a potion of attraction {unknown}
 A - a potion of heal wounds {unknown}
 B - a potion of lignification {unknown}
 C - 2 potions of ambrosia {unknown}
 D - a potion of brilliance {unknown}


   Skills:
 + Level 5.6 Fighting
 + Level 6.9 Maces & Flails
 + Level 0.4 Throwing
 + Level 6.2 Armour
 + Level 2.6 Dodging
 + Level 6.8 Shields
 * Level 4.0 Invocations
 * Level 3.2 Evocations


You had 8 spell levels left.
You didn't know any spells.
Your spell library contained the following spells:

 Spells                   Type           Power      Damage    Failure   Level
 Foxfire                  Conj/Fire      0%         2x1d4     75%         1
 Magic Dart               Conj           0%         1d3       75%         1
 Call Imp                 Summ           0%         N/A       87%         2
 Conjure Flame            Conj/Fire      0%         6-21      98%         3
 Inner Flame              Hex/Fire       0%         N/A       98%         3
 Mephitic Cloud           Conj/Pois/Air  0%         N/A       98%         3


Dungeon Overview and Level Annotations

Branches:
Dungeon (8/15)             Temple (1/1) D:5            Lair (0/6) D:8
 Bailey (1/1)

Altars:
Ashenzari
Dithmenos
Elyvilon
Fedhas
Gozag
Hepliaklqana
Kikubaaqudgha
Makhleb
Nemelex Xobeh
Okawaru
Qazlal
Ru
Sif Muna
Trog
Uskayaw
Vehumet
Wu Jian
Zin

Shops:
D:4 [   D:5 (((([

Annotations:
D:6 Eustachio


Innate Abilities, Weirdness & Mutations

You are immune to sickness and miasma.
Your stone body is resilient. (AC +6)
You are immune to poison.
You resist negative energy. (rN+)
You are resistant to electric shocks. (rElec)
You are resistant to unholy torment.
You are immune to petrification.


Message History

The shadow imp grins evilly.
The kobold demonologist hits you but does no damage.
You closely miss the kobold demonologist.
The kobold demonologist is heavily wounded.
The iron imp is engulfed in freezing vapours.
The iron imp hits you but does no damage.
The kobold demonologist gestures wildly while chanting.
The red devil hits you from afar with a +0 demon trident.
The ice devil hits you! The ice devil freezes you!
The kobold demonologist casts a spell.
You closely miss the kobold demonologist.
The kobold demonologist is heavily wounded.
You block the kobold demonologist's attack.
The red devil completely misses you. The ice devil barely misses you.
The iron imp is engulfed in freezing vapours.
You block the iron imp's attack.
The kobold demonologist barely misses you. x2
You barely miss the kobold demonologist.
The kobold demonologist is heavily wounded.
You block the red devil's attack. The ice devil hits you.
The ice devil freezes you!
* * * LOW HITPOINT WARNING * * *
The shadow imp spits at you.
The iron imp is engulfed in freezing vapours.
You kill the iron imp!
The kobold demonologist hits you but does no damage.
The ynoxinul gestures.
The kobold demonologist gestures wildly while chanting.
You block the ice devil's attack. You block the red devil's attack.
You completely miss the orange demon.
The shadow imp picks up a beetle and eats it.
You block the kobold demonologist's attack.
The kobold demonologist barely misses you.
The red devil hits you but does no damage.
You block the ice devil's attack. You block the orange demon's attack.
The orange demon hits you.
* * * LOW HITPOINT WARNING * * *
The smoke demon gestures at you. Something smites you!
You die...

#####))'#####
+.....'..#
+.....'..#
#..⌠..#..####
#.....#.....#
#.....#...8.#
#######.....#
########48.#
....534@)5.#
.....4KK38.#
.._..545...+
......55#+##
######### ..)
#..) ####


You could see an orange demon (summoned), an ice devil (summoned), 2 kobold
demonologists, a smoke demon (summoned), a ynoxinul (summoned), a chaos spawn
(summoned), a red devil (summoned), 2 quasits, a white imp (summoned), a shadow
imp (summoned) and 2 ufetubi.

Vanquished Creatures
  Edmund (D:6)
  2 orc warriors (Bailey)
  2 ice beasts
  2 sky beasts (D:7)
  A wolf (D:8)
  2 centaurs
  2 kobold brigands
  A bullfrog (D:7)
  A wyvern zombie (D:7)
  A water moccasin skeleton (D:3)
  3 killer bees (D:8)
  7 wights (D:7)
  4 howler monkeys
  A bullfrog zombie (D:5)
  3 hounds
  2 jellies
  An orc priest (D:3)
  3 centaur skeletons
  2 bullfrog skeletons
  An iguana (D:5)
  Natasha (thrice) (D:3)
  A mummy (D:8)
  A howler monkey zombie (D:6)
  4 gnolls
  6 adders
  A white imp (D:8)
  2 ufetubi (D:5)
  2 worms (D:2)
  2 dart slugs
  11 orcs
  3 bats
  5 endoplasms
  10 goblins
  7 hobgoblins
  7 kobolds
  5 quokkas
  6 ball pythons
  A frilled lizard (D:2)
  4 rats
123 creatures vanquished.

Vanquished Creatures (others)
  A centaur zombie (D:8)
  A hobgoblin (Bailey)
  18 plants (D:3)
20 creatures vanquished.

Grand Total: 143 creatures vanquished

Notes
Turn   | Place    | Note
-------+----------+-------------------------------------------
     0 | D:1      | Rickety the Gargoyle Fighter began the quest for the Orb.
     0 | D:1      | Reached XP level 1. HP: 14/14 MP: 1/1
   245 | D:1      | Reached XP level 2. HP: 19/19 MP: 2/2
   250 | D:1      | Found a faded altar of an unknown god.
   895 | D:1      | Reached XP level 3. HP: 24/24 MP: 3/3
   901 | D:1      | You fall into a shaft and drop 1 floor!
  1397 | D:2      | Reached XP level 4. HP: 24/29 MP: 4/4
  1531 | D:2      | Found a burning altar of Makhleb.
  2480 | D:3      | Found a sacrificial altar of Ru.
  2556 | D:3      | Noticed Natasha
  2567 | D:3      | Killed Natasha
  2568 | D:3      | Reached XP level 5. HP: 33/33 MP: 5/5
  3074 | D:3      | Noticed Natasha
  3087 | D:3      | Killed Natasha
  3088 | D:3      | Reached XP level 6. HP: 16/38 MP: 6/6
  3905 | D:3      | Noticed Natasha
  3924 | D:3      | Killed Natasha
  4081 | D:4      | Identified the +9 rapier "Asam" {vorpal, rF+ Int+4}
  4165 | D:4      | Found Ycwa's Armour Emporium.
  4342 | D:4      | Found an iron altar of Okawaru.
  4342 | D:4      | Found a sparkling altar of Nemelex Xobeh.
  4514 | D:4      | Found a stormy altar of Qazlal.
  4522 | D:4      | Became a worshipper of Qazlal Stormbringer
  4682 | D:5      | Entered Level 5 of the Dungeon
  4730 | D:5      | Found Zicleigg's Armour Emporium.
  4822 | D:5      | Found Fatropedoq's Antique Weapon Emporium.
  4826 | D:5      | Found Rawampuo's Antique Weapon Emporium.
  4848 | D:5      | Found Vekk's Weapon Boutique.
  4888 | D:5      | Reached skill level 1 in Dodging
  4897 | D:5      | Found a blossoming altar of Fedhas.
  4898 | D:5      | Found a white marble altar of Elyvilon.
  4898 | D:5      | Found a hazy altar of Hepliaklqana.
  4899 | D:5      | Found an opulent altar of Gozag.
  4903 | D:5      | Reached skill level 5 in Armour
  4903 | D:5      | Reached XP level 7. HP: 44/44 MP: 7/7
  5094 | D:5      | Found a staircase to the Ecumenical Temple.
  5107 | Temple   | Entered the Ecumenical Temple
  5530 | D:5      | Found Fomiadd's Weapon Shoppe.
  6403 | D:5      | Reached skill level 5 in Shields
  6727 | D:6      | Reached skill level 5 in Maces & Flails
  6813 | D:6      | Noticed Edmund
  6826 | D:6      | Killed Edmund
  6827 | D:6      | Reached skill level 1 in Invocations
  6893 | D:6      | Reached XP level 8. HP: 43/48 MP: 8/8
  7091 | D:6      | Noticed Eustachio
  7124 | D:6      | Reached skill level 1 in Evocations
  7535 | D:7      | Reached skill level 5 in Fighting
  8242 | D:7      | Found a broken altar of Ashenzari.
  8260 | D:7      | Reached * piety under Qazlal
  8681 | D:7      | Reached XP level 9. HP: 54/54 MP: 11/11
  8832 | D:8      | Found a flagged portal.
  8907 | D:8      | Noticed a death yak
  8931 | Bailey   | Entered a bailey
  9142 | Bailey   | Reached ** piety under Qazlal
  9292 | Bailey   | Found an iron altar of Okawaru.
  9292 | Bailey   | Noticed a kobold demonologist
  9292 | Bailey   | Noticed a kobold demonologist
  9295 | Bailey   | Noticed a smoke demon
  9296 | Bailey   | Noticed an ice devil
  9302 | Bailey   | Noticed a red devil
  9307 | Bailey   | Noticed an orange demon
  9307 | Bailey   | Killed from afar by a smoke demon

Illustrated notes

Levels and vault maps discovered:
D:1:      grunt_arrival_lava_bath, layout_loops_ring,
          hellmonk_ecumenical_altar_lost_god
D:2:      layout_loops_corners, basic_altar
D:3:      wad_lake_hut, layout_basic, mainiacjoe_overflow_chevrons, uniq_natasha
D:4:      layout_basic, nicolae_qazlal_eye_of_the_storm,
          gammafunk_temple_overflow_elements, serial_shops, shop
D:5:      layout_cave_pods, chequers_temple_overflow_statue_of_worship,
          minmay_temple_entry_drinking_statues, serial_shops,
          nicolae_shop_stone, nicolae_shop_trees, shop_coins, shop, shop,
          hex_medium
D:6:      layout_loops_cross, serial_rivers, chequers_serial_rivers_marsh,
          chequers_serial_rivers_room_a, chequers_serial_rivers_marsh,
          chequers_serial_rivers_micro_e, chequers_serial_rivers_small_a,
          chequers_serial_rivers_small_b, uniq_edmund, uniq_eustachio
D:7:      layout_basic, mainiacjoe_overflow_tiny_flanked, grunt_decor_one_mirror
D:8:      layout_basic, slow_altar_1, erik_lair_dragon, enter_bailey_2,
          serial_ice, serial_ice_i, serial_ice_b, serial_ice_e, serial_ice_g
Temple:   compressed_dpeg_triangle_lava_temple
Bailey:   bailey_axe_of_yendor_kennysheep, bailey

Skill      XL: |  1  2  3  4  5  6  7  8  9 |
---------------+----------------------------+-----
Shields        | 4 5 6 |  6.8
Armour         | 4 5 6 |  6.2
Maces & Flails | 3 4 5 6 |  6.9
Fighting       | 4 5 |  5.6
Dodging        | 1 2 |  2.6
Invocations    | 1 3 4 |  4.0
Evocations     | 2 3 |  3.2
Throwing       | |  0.4

Action                   |  1- 3 |  4- 6 |  7- 9 || total
-------------------------+-------+-------+-------++-------
Melee: Flail             |   111 |    58 |   336 ||   505
       Mace              |       |    98 |       ||    98
Throw: Dart              |       |     7 |       ||     7
Invok: Upheaval          |       |       |     1 ||     1
  Use: Scroll            |       |       |     2 ||     2
Armor: Scale mail        |    66 |    75 |     8 ||   149
       Ring mail         |       |       |   188 ||   188
Dodge: Dodged            |    35 |    49 |   164 ||   248
Block: Kite shield       |    52 |    90 |   253 ||   395
